 Dungeon Crawl Stone Soup version 0.29.0-4-gdea44cf6ec (webtiles) character file.

Game seed: 2561522782012963948

20 qw the Chopper (level 2, -4/17 HPs)
             Began as a Tengu Warper on Aug 28, 2022.
             Slain by a gnoll
             ... wielding a +0 flail
              (7 damage)
             ... on level 1 of the Dungeon.
             The game lasted 00:00:03 (579 turns).

qw the Chopper (Tengu Warper)                        Turns: 579, Time: 00:00:04

Health: -4/17      AC:  3    Str: 11    XL:     2   Next: 79%
Magic:  6/6        EV: 11    Int: 13    God:
Gold:   46         SH:  0    Dex: 13    Spells: 5/5 levels left

rFire   . . .      SeeInvis .   a - +0 hand axe
rCold   . . .      Faith    .   (no shield)
rNeg    . . .      Spirit   .   b - +0 leather armour
rPois   .          Reflect  .   (helmet restricted)
rElec   .          Harm     .   (no cloak)
rCorr   .          Rampage  .   (no gloves)
Will    .....                   (boots unavailable)
Stlth   +.........              (no amulet)
HPRegen 0.05/turn               (no ring)
MPRegen 0.10/turn               (no ring)

@: no status effects
A: beak, talons 3
a: no special abilities


You were on level 1 of the Dungeon.
You visited 1 branch of the dungeon, and saw 1 of its levels.

You collected 46 gold pieces.


Innate Abilities, Weirdness & Mutations

You have a beak for a mouth.
You have claws for feet.


   Skills:
 - Level 2.0 Fighting
 + Level 3.6 Axes
 - Level 1.0 Throwing
 - Level 1.1 Armour
 - Level 2.1 Dodging
 - Level 2.0 Spellcasting
 - Level 2.4 Translocations


You had 5 spell levels left.
You didn't know any spells.
Your spell library contained the following spells:

 Spells                   Type           Power      Damage    Failure   Level
 Blink                    Tloc           14%        N/A       19%         2
 Gell's Gravitas          Tloc           7%         N/A       36%         3
 Lesser Beckoning         Tloc           7%         N/A       36%         3
 Teleport Other           Tloc           7%         N/A       36%         3
 Manifold Assault         Tloc           7%         N/A       98%         5

Inventory:

Hand Weapons
 a - a +0 hand axe (weapon)
 d - a +0 whip
Armour
 b - a +0 leather armour (worn)
Scrolls
 c - a scroll of blinking
 e - a scroll of identify {unknown}
 f - a scroll of immolation {unknown}
Potions
 g - 2 potions of lignification {unknown}
 h - a potion of haste {unknown}

Dungeon Overview and Level Annotations

Branches:
Dungeon (1/15)

Altars:


Message History

h - a fizzy puce potion A bat comes into view.
The bat hits you but does no damage.
You closely miss the bat. Your kick misses the bat. Your punch misses the bat.
The bat barely misses you. The bat misses you.
You closely miss the bat. You peck the bat, but do no damage.
The bat hits you but does no damage.
You hit the bat but do no damage. Your peck misses the bat.
The bat hits you but does no damage.
You closely miss the bat. Your peck misses the bat.
The bat hits you but does no damage. The bat misses you.
The bat closely misses you.
You hit the bat. Your kick misses the bat. You punch the bat.
You kill the bat!
An endoplasm comes into view.
Found a ring mail.
The endoplasm quivers.
You hit the endoplasm.
The endoplasm is almost dead.
The endoplasm freezes you.
You are frozen.
You slash the endoplasm!
You kill the endoplasm!
You start resting.
HP restored.
Found a stone staircase leading down.
A gnoll comes into view. It is wielding a +0 flail.
The gnoll shouts!
You hit the gnoll. Your kick misses the gnoll. You peck the gnoll.
The gnoll is lightly wounded.
The gnoll hits you with a +0 flail!
Ouch! That really hurt!
The gnoll hits you with a +0 flail.
You closely miss the gnoll. You claw the gnoll.
The gnoll is moderately wounded.
The gnoll hits you with a +0 flail.
You completely miss the gnoll. You claw the gnoll.
The gnoll is moderately wounded.
The gnoll hits you with a +0 flail!
You die...

#.# #.# #.# #.# #.# .
#.########## ....
#..........#
....[##############.#
.>....g@........###.####
........................
.....##.......#.###.####
.... #.#.......# #.# ...
...#.##..%####.# .#
#####.#.........##
..#...#......###
#.......#........
#.###...........#


You could see a gnoll.

Vanquished Creatures
  5 ball pythons (D:1)
  3 bats (D:1)
  An endoplasm (D:1)
  2 giant cockroaches (D:1)
  A goblin (D:1)
  A hobgoblin (D:1)
  2 kobolds (D:1)
  3 frilled lizards (D:1)
18 creatures vanquished.

Notes
Turn   | Place    | Note
-------+----------+-------------------------------------------
     0 | D:1      | qw the Tengu Warper began the quest for the Orb.
     0 | D:1      | Reached XP level 1. HP: 12/12 MP: 4/4
     0 | D:1      | 0 ||| qw: Version: 0.1-a-89-g26bdef1
     0 | D:1      | 0 ||| qw: Game counter: 1549
     0 | D:1      | 0 ||| qw: Always use a shield: true
     0 | D:1      | 0 ||| qw: God list: Okawaru
     0 | D:1      | 0 ||| qw: Allow faded altars: false
     0 | D:1      | 0 ||| qw: Do Orc after D:15 true
     0 | D:1      | 0 ||| qw: Do second Lair branch before Depths: true
     0 | D:1      | 0 ||| qw: Lair rune preference: random
     0 | D:1      | 0 ||| qw: Plans: Normal
     0 | D:1      | 0 ||| PLANNING D:1-11
    72 | D:1      | Reached skill level 3 in Axes
    72 | D:1      | Reached XP level 2. HP: 17/17 MP: 6/6
   412 | D:1      | 412 ||| Stepping ~*~*~tactically~*~*~ (stealth).
   578 | D:1      | HP: 3/17 [gnoll/+0 flail (2)]
   579 | D:1      | Slain by a gnoll

Levels and vault maps discovered:
D:1:      ncdulo_lavacross, layout_basic

Skill      XL: |  1 |
---------------+----+-----
Axes           | 3 |  3.6
Fighting       | |  2.0
Throwing       | |  1.0
Armour         | |  1.1
Dodging        | |  2.1
Spellcasting   | |  2.0
Translocations | |  2.4

Action                   || total
-------------------------++-------
Melee: Hand axe          ||    37
       Kick              ||     9
       Peck              ||     2
       Punch             ||     1
Throw: Boomerang         ||     7
Armor: Leather armour    ||     8
Dodge: Dodged            ||    10

Table legend:
 A = Non-vault XP
 B = Vault XP
 C = Vault XP percentage of total XP
 D = Non-vault monster count
 E = Vault monster count
 F = Vault count percentage of total count
                 A         B        C        D         E       F
            +---------+---------+-------+---------+---------+-------
      Total |      29 |       0 |   0.0 |      18 |       0 |   0.0
            +---------+---------+-------+---------+---------+-------
        D:1 |      29 |       0 |   0.0 |      18 |       0 |   0.0
            +---------+---------+-------+---------+---------+-------
